 Dungeon Sprint DCSS version 0.17-a0-1210-g1e4f09d (webtiles) character file.

25 Kidiri the Conjurer (level 2, 0/23 HPs)
             Began as a Draconian Conjurer on June 4, 2015.
             Was a Believer of Vehumet.
             Slain by a water moccasin (7 damage)
             ... in the Dungeon (Sprint VII: "The Pits").
             The game lasted 00:04:55 (618 turns).

Kidiri the Conjurer (Draconian Conjurer)             Turns: 618, Time: 00:04:55

Health: 0/23       AC:  4    Str: 10    XL:     2   Next: 82%
Magic:  0/6        EV: 12    Int: 15    God:    Vehumet [**....]
Gold:   0          SH:  0    Dex: 11    Spells: 2 memorised, 4 levels left

rFire  . . .     SeeInvis .     l - staff of energy
rCold  . . .     Clarity  .     (armour unavailable)
rNeg   . . .     SustAt   .     (no shield)
rPois  .         Gourm    .     (helmet restricted)
rElec  .         Spirit   .     (no cloak)
rCorr  .         Warding  .     (no gloves)
rMut   .         NoTele   +     (no boots)
MR     .....                    (no amulet)
Stlth  ++........               (no ring)
                                (no ring)

@: not resistant to hostile enchantments, unstealthy
A: unfitting armour, cold-blooded, AC +4
a: Renounce Religion


You were in the Dungeon.
You worshipped Vehumet.
Vehumet was pleased with you.
You were not hungry.

You visited 1 branch

Inventory:

Magical staves
 l - an uncursed staff of energy (weapon)
Scrolls
 h - a scroll of blinking
 m - 3 scrolls of remove curse
 n - 5 scrolls of amnesia
 o - a scroll of summoning
Potions
 c - 5 potions of curing
 d - 6 potions of heal wounds
 e - a potion of haste
 f - 4 potions of magic
 g - 3 potions of berserk rage
 k - 2 potions of invisibility
Books
 a - a book of Conjurations

   Spells                             Type                      Level
   a - Magic Dart                     Conjuration                  1
   b - Searing Ray                    Conjuration                  2
   c - Dazzling Spray                 Conjuration/Hexes            3
   d - Fulminant Prism                Conjuration/Hexes            4
   e - Iskenderun's Mystic Blast      Conjuration                  4
   f - Iskenderun's Battlesphere      Conjuration/Charms           5
Comestibles
 b - 8 bread rations
 i - 40 fruits
 j - 7 meat rations


   Skills:
 + Level 1.5 Fighting
 + Level 1.6 Staves
 + Level 2.4 Dodging
 + Level 2.5 Stealth
 * Level 3.0 Spellcasting
 * Level 5.0 Conjurations
 + Level 1.2 Evocations


You had 4 spell levels left.
You knew the following spells:

 Your Spells              Type           Power        Failure   Level  Hunger
a - Magic Dart            Conj           ###.         2%          1    None
b - Searing Ray           Conj           ###...       4%          2    None


Dungeon Overview and Level Annotations

Branches:
Dungeon (1/1)

Altars:
Ashenzari
Cheibriados
Dithmenos
Elyvilon
Fedhas
Gozag
Kikubaaqudgha
Makhleb
Nemelex Xobeh
Okawaru
Qazlal
Ru
Sif Muna
Trog
Vehumet
Xom
Yredelemnul
Zin
The Shining One
Beogh
Jiyva
Lugonu


Innate Abilities, Weirdness & Mutations

Your plain brown scales are hard (AC +4).
Your body does not fit into most forms of armour.
You are cold-blooded and may be slowed by cold attacks.


Message History

The searing ray hits the water moccasin.
The water moccasin is moderately wounded.
You feel sick. The water moccasin bites you.
The searing ray hits the water moccasin.
The water moccasin is severely wounded.
You feel sick. The water moccasin barely misses you.
You feel sick.
The water moccasin bites you but does no damage.
The water moccasin closely misses you.
Drink which item? (? for menu, Esc to quit)
You feel better. The water moccasin bites you!
Casting: Searing Ray
Confirm with . or Enter, or press ? or * to list all spells.
Aiming: Magic Dart
Press: ? - help, Shift-Dir - straight line, f/p - water moccasin
Aim: a water moccasin (severely wounded)
The magic dart hits the water moccasin.
The water moccasin is severely wounded.
The water moccasin bites you!
You die...

#_#)))#.#?(##.....
#######+#####.....
#...........'.....
#'#####+#####.....
#.#..#.....##.....
#.#))#####'#####'#
#.#))#.....##.....
#.#))#.....##.....
#@#[[###)####.....
#S##'#.....##...<.
#.#........##.....
#.#........##.....
#'###########.....
#.. ###### #...
#...# #.g##


You could see a water moccasin.

Vanquished Creatures
  A giant eyeball (D)
  2 oozes (D)
  An adder skeleton (D)
  A hobgoblin (D)
  A giant cockroach zombie (D)
  A giant gecko (D)
  3 jackals (D)
  A rat (D)
11 creatures vanquished.

Notes
Turn   | Place    | Note
--------------------------------------------------------------
     0 | D        | Kidiri the Draconian Conjurer began the quest for the Orb.
     0 | D        | Reached XP level 1. HP: 14/14 MP: 3/3
    26 | D        | Found a sacrificial altar of Ru.
    26 | D        | Found a basalt altar of Yredelemnul.
    26 | D        | Found a shadowy altar of Dithmenos.
    26 | D        | Found a deep blue altar of Sif Muna.
    26 | D        | Found a burning altar of Makhleb.
    26 | D        | Found a shimmering altar of Xom.
    26 | D        | Found an ancient bone altar of Kikubaaqudgha.
    26 | D        | Found a sparkling altar of Nemelex Xobeh.
    27 | D        | Found a glowing golden altar of the Shining One.
    27 | D        | Found a bloodstained altar of Trog.
    27 | D        | Found a shattered altar of Ashenzari.
    27 | D        | Found a white marble altar of Elyvilon.
    27 | D        | Found a snail-covered altar of Cheibriados.
    27 | D        | Found a blossoming altar of Fedhas.
    27 | D        | Found a radiant altar of Vehumet.
    27 | D        | Found a glowing silver altar of Zin.
    27 | D        | Found a corrupted altar of Lugonu.
    27 | D        | Found a viscous altar of Jiyva.
    27 | D        | Found a roughly hewn altar of Beogh.
    27 | D        | Found an iron altar of Okawaru.
    33 | D        | Found a stormy altar of Qazlal.
    33 | D        | Found an opulent altar of Gozag.
    35 | D        | Became a worshipper of Vehumet
   103 | D        | Acquired Vehumet's first power
   103 | D        | Offered knowledge of Sandblast by Vehumet.
   103 | D        | Reached skill level 1 in Staves
   195 | D        | Reached XP level 2. HP: 22/22 MP: 1/5
   199 | D        | Learned a level 2 spell: Searing Ray
   247 | D        | Reached skill level 1 in Fighting
   352 | D        | Offered knowledge of Flame Tongue by Vehumet.
   372 | D        | Reached skill level 1 in Evocations
   522 | D        | Offered knowledge of Ignite Poison by Vehumet.
   522 | D        | Reached skill level 5 in Conjurations
   607 | D        | Noticed a water moccasin
   618 | D        | Slain by a water moccasin

Vault maps used:
D:        pitsprint

Action                   || total
-------------------------++-------
Melee: Staff             ||     7
 Cast: Magic Dart        ||    35
       Searing Ray       ||     1
Evoke: Staff of energy   ||     3
  Use: Potion            ||     1
 Stab: Sleeping          ||     1
